| TOP OF THE 1ST |
|
Colorado Avalanche batting - Pitching for Joplin Blasters : RHP Abban Sartika
|
|
Pitching: RHP Abban Sartika
|
|
|
Batting: RHB Marco Avina
|
0-0: SINGLE (Line Drive, 78S, EV 100.0 MPH)
|
|
Batting: RHB Aaron Burnet
|
0-0: Ball 1-0: Ball 2-0: Foul Ball, location: 2F 2-1: Ball 3-1: Grounds into double play, 6-4-3 (Groundball, 56, EV 84.4 MPH)
|
|
Batting: LHB Bob Kaufmann
|
0-0: Ground out 4-3 (Groundball, 4, EV 103.8 MPH)
|
| Top of the 1st over - 0 runs, 1 hit, 0 errors, 0 left on base; Colorado 0 - Joplin 0 |
| BOTTOM OF THE 1ST |
|
Joplin Blasters batting - Pitching for Colorado Avalanche : RHP Ted Hoffman
|
|
Pitching: RHP Ted Hoffman
|
|
|
Batting: RHB Angel Melendez
|
0-0: Ball 1-0: Called Strike 1-1: Foul Ball, location: 2F 1-2: Foul Ball, location: 2F 1-2: Ball 2-2: Strikes out swinging, 2-3 out at first.
|
|
Batting: RHB Luis Mendoza
|
0-0: Bunt for hit to 15 - play at first, batter OUT! 1-3
|
|
Batting: RHB Cody Marshall
|
0-0: Ball 1-0: Ground out 6-3 (Groundball, 6, EV 88.1 MPH)
|
| Bottom of the 1st over - 0 runs, 0 hits, 0 errors, 0 left on base; Colorado 0 - Joplin 0 |
| TOP OF THE 2ND |
|
Colorado Avalanche batting - Pitching for Joplin Blasters : RHP Abban Sartika
|
|
Batting: SHB Taylor Shelton
|
0-0: Ball 1-0: Called Strike 1-1: Foul Ball, location: 2F 1-2: Ball 2-2: Ball 3-2: Ground out 5-3 (Groundball, 5, EV 80.0 MPH)
|
|
Batting: LHB Tyler Twiss
|
0-0: Ball 1-0: Ball 2-0: Foul Ball, location: 2F 2-1: Foul Ball, location: 2F 2-2: Foul Ball, location: 2F 2-2: Ball 3-2: Base on Balls
|
|
Batting: RHB Ken Dunphy
|
0-0: Called Strike 0-1: Swinging Strike 0-2: Foul Ball, location: 2F 0-2: Strikes out looking
|
|
Batting: LHB Dan Goldberg
|
0-0: Foul Ball, location: 2F 0-1: Ball 1-1: Fly out, F9 (Line Drive, 9D, EV 100.6 MPH)
|
| Top of the 2nd over - 0 runs, 0 hits, 0 errors, 1 left on base; Colorado 0 - Joplin 0 |
| BOTTOM OF THE 2ND |
|
Joplin Blasters batting - Pitching for Colorado Avalanche : RHP Ted Hoffman
|
|
Batting: RHB Tanner Holland
|
0-0: Ball 1-0: Foul Ball, location: 2F 1-1: Ball 2-1: Called Strike 2-2: Ball 3-2: SINGLE (Groundball, 56D, EV 98.1 MPH)
|
|
Batting: RHB Steve Huebner
|
0-0: Ball 1-0: Ball 2-0: Fly out, F8 (Line Drive, 78M, EV 85.6 MPH)
|
|
Batting: LHB Willie Marquez
|
0-0: Ball 1-0: Fly out, F7 (Flyball, 78M, EV 93.1 MPH)
|
|
Batting: RHB Alex Valadez
|
0-0: Ground out U3 (Groundball, 3, EV 88.8 MPH)
|
| Bottom of the 2nd over - 0 runs, 1 hit, 0 errors, 1 left on base; Colorado 0 - Joplin 0 |
| TOP OF THE 3RD |
|
Colorado Avalanche batting - Pitching for Joplin Blasters : RHP Abban Sartika
|
|
Batting: RHB Ben Connelly
|
0-0: Ball 1-0: Foul Ball, location: 2F 1-1: Called Strike 1-2: Ball 2-2: Foul Ball, location: 2F 2-2: Strikes out swinging
|
|
Batting: RHB Jon Herner
|
0-0: Ball 1-0: Swinging Strike 1-1: Called Strike 1-2: Strikes out swinging
|
|
Batting: RHB Marco Avina
|
0-0: Called Strike 0-1: Ball 1-1: Swinging Strike 1-2: Strikes out swinging
|
| Top of the 3rd over - 0 runs, 0 hits, 0 errors, 0 left on base; Colorado 0 - Joplin 0 |
| BOTTOM OF THE 3RD |
|
Joplin Blasters batting - Pitching for Colorado Avalanche : RHP Ted Hoffman
|
|
Batting: RHB Abban Sartika
|
0-0: Ball 1-0: Ball 2-0: Called Strike 2-1: Swinging Strike 2-2: Strikes out swinging
|
|
Batting: LHB Josh Lane
|
0-0: Ball 1-0: Ground out 6-3 (Groundball, 6, EV 107.5 MPH)
|
|
Batting: RHB Angel Melendez
|
0-0: Called Strike 0-1: Swinging Strike 0-2: Foul Ball, location: 2F 0-2: Ball 1-2: Fly out, F8 (Flyball, 8LD, EV 103.1 MPH)
|
| Bottom of the 3rd over - 0 runs, 0 hits, 0 errors, 0 left on base; Colorado 0 - Joplin 0 |
| TOP OF THE 4TH |
|
Colorado Avalanche batting - Pitching for Joplin Blasters : RHP Abban Sartika
|
|
Batting: RHB Aaron Burnet
|
0-0: Ball 1-0: Ball 2-0: Fly out, F8 (Flyball, 8LD, EV 102.5 MPH)
|
|
Batting: LHB Bob Kaufmann
|
0-0: Ball 1-0: Ground out 6-3 (Groundball, 6M, EV 83.8 MPH)
|
|
Batting: SHB Taylor Shelton
|
0-0: Ball 1-0: Foul Ball, location: 2F 1-1: Called Strike 1-2: Foul Ball, location: 2F 1-2: Foul Ball, location: 2F 1-2: Ball 2-2: Foul Ball, location: 2F 2-2: Foul Ball, location: 2F 2-2: Ball 3-2: Ground out 4-3 (Groundball, 4S, EV 69.4 MPH)
|
| Top of the 4th over - 0 runs, 0 hits, 0 errors, 0 left on base; Colorado 0 - Joplin 0 |
| BOTTOM OF THE 4TH |
|
Joplin Blasters batting - Pitching for Colorado Avalanche : RHP Ted Hoffman
|
|
Batting: RHB Luis Mendoza
|
0-0: Swinging Strike 0-1: Swinging Strike 0-2: Strikes out swinging
|
|
Batting: RHB Cody Marshall
|
0-0: Ball 1-0: Ball 2-0: Called Strike 2-1: Ball 3-1: Foul Ball, location: 2F 3-2: Strikes out looking
|
|
Batting: RHB Tanner Holland
|
0-0: Called Strike 0-1: SOLO HOME RUN (Flyball, 78XD, EV 107.5 MPH), Distance : 413 ft
|
|
Batting: RHB Steve Huebner
|
0-0: Called Strike 0-1: Ball 1-1: SINGLE (Line Drive, 4MD, EV 96.9 MPH)
|
|
Batting: LHB Willie Marquez
|
0-0: Called Strike 0-1: Ball 1-1: Foul Ball, location: 2F 1-2: Foul Ball, location: 2F 1-2: Ground out 4-3 (Groundball, 4, EV 106.2 MPH)
|
| Bottom of the 4th over - 1 run, 2 hits, 0 errors, 1 left on base; Colorado 0 - Joplin 1 |
| TOP OF THE 5TH |
|
Colorado Avalanche batting - Pitching for Joplin Blasters : RHP Abban Sartika
|
|
Batting: LHB Tyler Twiss
|
0-0: Ground out 4-3 (Groundball, 4, EV 76.2 MPH)
|
|
Batting: RHB Ken Dunphy
|
0-0: Foul Ball, location: 2F 0-1: Swinging Strike 0-2: Strikes out swinging
|
|
Batting: LHB Dan Goldberg
|
0-0: Ball 1-0: Foul Ball, location: 2F 1-1: Foul Ball, location: 2F 1-2: Ball 2-2: SINGLE (Line Drive, 6D, EV 99.4 MPH)
|
|
Pitching: RHP Robert Carlos
|
|
|
Batting: RHB Ben Connelly
|
0-0: Ball 1-0: Fly out, F8 (Flyball, 8RD, EV 86.9 MPH)
|
| Top of the 5th over - 0 runs, 1 hit, 0 errors, 1 left on base; Colorado 0 - Joplin 1 |
| BOTTOM OF THE 5TH |
|
Joplin Blasters batting - Pitching for Colorado Avalanche : RHP Ted Hoffman
|
|
Batting: RHB Alex Valadez
|
0-0: Ball 1-0: Ball 2-0: Foul Ball, location: 2F 2-1: Ground out 6-3 (Groundball, 6, EV 86.9 MPH)
|
|
Batting: RHB Abban Sartika
|
0-0: Called Strike 0-1: Ball 1-1: Ground out 4-3 (Groundball, 4, EV 80.0 MPH)
|
|
Batting: LHB Josh Lane
|
0-0: Called Strike 0-1: Ball 1-1: Ball 2-1: Foul Ball, location: 2F 2-2: Strikes out swinging
|
| Bottom of the 5th over - 0 runs, 0 hits, 0 errors, 0 left on base; Colorado 0 - Joplin 1 |
| TOP OF THE 6TH |
|
Colorado Avalanche batting - Pitching for Joplin Blasters : RHP Robert Carlos
|
|
Batting: RHB Jon Herner
|
0-0: Ball 1-0: Called Strike 1-1: Foul Ball, location: 2F 1-2: Strikes out swinging
|
|
Batting: RHB Marco Avina
|
0-0: Fly out, F7 (Line Drive, 7S, EV 86.2 MPH)
|
|
Batting: RHB Aaron Burnet
|
0-0: Foul Ball, location: 2F 0-1: Ball 1-1: Foul Ball, location: 2F 1-2: DOUBLE (Line Drive, 78M, EV 114.4 MPH)
|
|
Batting: LHB Bob Kaufmann
|
0-0: Fly out, F7 (Flyball, 78D, EV 99.4 MPH)
|
| Top of the 6th over - 0 runs, 1 hit, 0 errors, 1 left on base; Colorado 0 - Joplin 1 |
| BOTTOM OF THE 6TH |
|
Joplin Blasters batting - Pitching for Colorado Avalanche : RHP Ted Hoffman
|
|
Batting: RHB Angel Melendez
|
0-0: Called Strike 0-1: Foul Ball, location: 2F 0-2: Foul Ball, location: 2F 0-2: Strikes out looking
|
|
Batting: RHB Luis Mendoza
|
0-0: Called Strike 0-1: Ball 1-1: SOLO HOME RUN (Flyball, 78XD, EV 111.2 MPH), Distance : 410 ft
|
|
Batting: RHB Cody Marshall
|
0-0: Called Strike 0-1: Ball 1-1: Ball 2-1: Called Strike 2-2: Strikes out swinging, 2-3 out at first.
|
|
Batting: RHB Tanner Holland
|
0-0: Called Strike 0-1: Swinging Strike 0-2: Strikes out swinging
|
| Bottom of the 6th over - 1 run, 1 hit, 0 errors, 0 left on base; Colorado 0 - Joplin 2 |
| TOP OF THE 7TH |
|
Colorado Avalanche batting - Pitching for Joplin Blasters : RHP Robert Carlos
|
|
Batting: SHB Taylor Shelton
|
0-0: Ball 1-0: Ball 2-0: Foul Ball, location: 2F 2-1: Foul Ball, location: 2F 2-2: Fly out, F7 (Flyball, 7LM, EV 101.2 MPH)
|
|
Batting: LHB Tyler Twiss
|
0-0: Swinging Strike 0-1: Fly out, F7 (Line Drive, 7LM, EV 105.6 MPH)
|
|
Pinch Hitting: LHB Rich Rauda
|
0-0: Called Strike 0-1: SINGLE (Groundball, 4M, EV 81.9 MPH) (infield hit)
|
|
Batting: RHB Joe Shade
|
0-0: Ball 1-0: Called Strike Rich Rauda is caught stealing 2nd base 2-4
|
| Top of the 7th over - 0 runs, 1 hit, 0 errors, 0 left on base; Colorado 0 - Joplin 2 |
| BOTTOM OF THE 7TH |
|
Joplin Blasters batting - Pitching for Colorado Avalanche : RHP Ted Hoffman
|
|
Pitching: RHP Cedomil Nedic
|
|
|
Now at 3B: Mike Chiquete
|
|
|
Pinch Hitting: RHB Mike McClung
|
0-0: Ground out U3 (Groundball, 34, EV 103.8 MPH)
|
|
Batting: LHB Willie Marquez
|
0-0: Called Strike 0-1: Called Strike 0-2: Ball 1-2: Ball 2-2: Foul Ball, location: 2F 2-2: Foul Ball, location: 2F 2-2: Ball 3-2: Ground out 4-3 (Groundball, 4, EV 79.4 MPH)
|
|
Batting: RHB Alex Valadez
|
0-0: Ball 1-0: Called Strike 1-1: Ball 2-1: Fly out, F8 (Line Drive, 89M, EV 105.0 MPH)
|
| Bottom of the 7th over - 0 runs, 0 hits, 0 errors, 0 left on base; Colorado 0 - Joplin 2 |
| TOP OF THE 8TH |
|
Colorado Avalanche batting - Pitching for Joplin Blasters : RHP Robert Carlos
|
|
Now in RF: Esteban Acuna
|
|
|
Batting: RHB Joe Shade
|
0-0: Ball 1-0: Ball 2-0: Ball 3-0: Base on Balls
|
|
Batting: RHB Ben Connelly
|
0-0: Called Strike 0-1: SINGLE (Groundball, 56D, EV 106.2 MPH) Joe Shade to second
|
|
Batting: RHB Jon Herner
|
0-0: Foul Ball, location: 2F 0-1: Foul Ball, location: 2F 0-2: Strikes out swinging
|
|
Batting: RHB Marco Avina
|
0-0: Reached on error, E5 (Groundball, 56S, EV 90.0 MPH) Joe Shade to third Ben Connelly to second
|
|
Batting: RHB Aaron Burnet
|
0-0: Called Strike 0-1: Ball 1-1: Ball 2-1: SINGLE (Groundball, 34D, EV 106.2 MPH) Joe Shade scores Ben Connelly to third Marco Avina to second
|
|
Batting: LHB Bob Kaufmann
|
0-0: Called Strike 0-1: Foul Ball, location: 2F 0-2: Foul Ball, location: 2F 0-2: Grounds into fielders choice 4-2 (Groundball, 4, EV 100.0 MPH) Marco Avina to third Aaron Burnet to second
|
|
Batting: SHB Taylor Shelton
|
0-0: Ground out 6-3 (Groundball, 6S, EV 88.8 MPH)
|
| Top of the 8th over - 1 run, 2 hits, 1 error, 3 left on base; Colorado 1 - Joplin 2 |
| BOTTOM OF THE 8TH |
|
Joplin Blasters batting - Pitching for Colorado Avalanche : RHP Cedomil Nedic
|
|
Batting: RHB Mike Stokes
|
0-0: Called Strike 0-1: Ball 1-1: Foul Ball, location: 2F 1-2: Strikes out swinging
|
|
Batting: LHB Josh Lane
|
0-0: Called Strike 0-1: Fly out, F9 (Flyball, 9LM, EV 87.5 MPH)
|
|
Batting: RHB Angel Melendez
|
0-0: Ball 1-0: Ground out 3-1 (Groundball, 34, EV 101.2 MPH)
|
| Bottom of the 8th over - 0 runs, 0 hits, 0 errors, 0 left on base; Colorado 1 - Joplin 2 |
| TOP OF THE 9TH |
|
Colorado Avalanche batting - Pitching for Joplin Blasters : RHP Robert Carlos
|
|
Now in LF: Alex Valadez
|
|
|
Now in CF: Nate Brewer
|
|
|
Batting: LHB Tyler Twiss
|
0-0: Ball 1-0: SINGLE (Groundball, 56S, EV 64.4 MPH) (infield hit)
|
|
Batting: RHB Mike Chiquete
|
0-0: Bunted foul 0-1: Bunt missed! 0-2: Fielders Choice at 2nd, 6-4 (Groundball, 6MD, EV 85.0 MPH)
|
|
Batting: RHB Joe Shade
|
0-0: Foul Ball, location: 2F 0-1: Ball 1-1: SINGLE (Flyball, 5D, EV 90.0 MPH) Mike Chiquete to second
|
|
Batting: RHB Ben Connelly
|
0-0: Called Strike 0-1: Ball 1-1: Grounds into double play, 6-4-3 (Groundball, 6, EV 81.2 MPH)
|
| Top of the 9th over - 0 runs, 2 hits, 0 errors, 1 left on base; Colorado 1 - Joplin 2 |
|